 Dungeon Crawl Stone Soup version 0.29.0-4-gdea44cf6ec (webtiles) character file.

Game seed: 9016112243997848487

58 qw the Chopper (level 4, -3/28 HPs)
             Began as a Gargoyle Fighter on Sept 9, 2022.
             Killed from afar by an orc wizard (5 damage)
             ... with a puff of flame
             ... on level 3 of the Dungeon.
             The game lasted 00:00:46 (1959 turns).

qw the Chopper (Gargoyle Fighter)                   Turns: 1959, Time: 00:00:47

Health: -3/28      AC: 15    Str: 21    XL:     4   Next: 1%
Magic:  4/4        EV:  2    Int:  9    God:
Gold:   62         SH:  0    Dex:  9    Spells: 3/3 levels left

rFire   . . .      SeeInvis .   Y - +0 war axe
rCold   . . .      Faith    .   i - +4 tower shield of Boiling Hail {rElec}
rNeg    + . .      Spirit   .   m - +0 plate armour
rPois   inf        Reflect  .   (no helmet)
rElec   +          Harm     .   (no cloak)
rCorr   .          Rampage  .   (no gloves)
Will    .....                   (no boots)
Stlth   ..........              (no amulet)
HPRegen 0.09/turn               (no ring)
MPRegen 0.09/turn               (no ring)

@: confused
A: sickness immunity, AC +3, negative energy resistance 1, electricity
resistance, torment resistance 1, petrification resistance
a: no special abilities


You were on level 3 of the Dungeon.
You visited 1 branch of the dungeon, and saw 3 of its levels.

You collected 62 gold pieces.


Innate Abilities, Weirdness & Mutations

You are immune to sickness and miasma.
Your stone body is resilient. (AC +3)
You are immune to poison.
You resist negative energy. (rN+)
You are resistant to electric shocks. (rElec)
You are resistant to unholy torment.
You are immune to petrification.


   Skills:
 - Level 3.2 Fighting
 - Level 3.7 Axes
 - Level 3.2 Armour
 + Level 3.3 Shields


You had 3 spell levels left.
You didn't know any spells.
Your spell library was empty.

Inventory:

Hand Weapons
 o - a +1 whip of draining
 Y - a +0 war axe (weapon)
Armour
 i - the +4 tower shield of Boiling Hail (worn) {rElec}
   (You found it on level 2 of the Dungeon)

   rElec:     It insulates you from electricity.
 m - a +0 plate armour (worn)
Scrolls
 a - a scroll of identify
Potions
 d - 4 potions of might
 e - a potion of heal wounds
 h - a potion of mutation {unknown}
 j - a potion of resistance {unknown}
 k - a potion of magic {unknown}
 l - a potion of curing {unknown}
 n - a potion of degeneration {unknown}

Dungeon Overview and Level Annotations

Branches:
Dungeon (3/15)

Altars:


Message History

You closely miss the hobgoblin. You block the hobgoblin's attack.
The hobgoblin hits you.
You barely miss the hobgoblin. You block the hobgoblin's attack.
The hobgoblin hits you but does no damage.
You hit the hobgoblin.
The hobgoblin is severely wounded.
The hobgoblin hits you but does no damage.
You block the hobgoblin's attack.
You hit the hobgoblin.
You kill the hobgoblin!
An orc wizard comes into view. It is wielding a +0 dagger.
You have reached level 4!
You feel clever.
The orc wizard shouts!
You hear a shout!
You hear an angry hiss.
An orc priest comes into view. It is wielding a +0 dagger.
The orc priest shouts!
You hear an angry hiss.
An orc comes into view. It is wielding a +0 club.
An orc priest comes into view. It is wielding a +0 hand axe.
A goblin comes into view. It is wielding a +0 club.
There is a stone staircase leading down here.
You barely miss the orc wizard.
The goblin shouts!
The orc priest looks braver for a moment.
A ball python comes into view.
The orc priest calls down the wrath of Beogh upon you.
Beogh smites you!
An orc wizard comes into view. It is wielding a +0 dagger.
The orc wizard hits you but does no damage.
The orc wizard points at you and mumbles some strange words.
You are confused.
The orc wizard shouts!
The orc priest invokes the aid of Beogh against you.
Beogh smites you!
Ouch! That really hurt!
The orc wizard mumbles some strange words.
The orc wizard flickers and vanishes!
Deactivating autopickup; reactivate with Ctrl-A.
The orc wizard casts a spell at you. The puff of flame hits you.
You die...

.. ##### ....
....
....######.####
..............#
#...<......#
#..........#
#..........#
#?.....o...###
#.....@.o.g..#
#.>........#S..
#######...o....
####o#... .{...
.... ...


You could see 2 orc priests, an orc wizard, an orc, a goblin and a ball python.

Vanquished Creatures
  An adder (D:2)
  A worm (D:2)
  A dart slug (D:2)
  6 endoplasms
  4 giant cockroaches
  4 goblins
  4 hobgoblins
  2 quokkas (D:1)
  5 ball pythons
  4 bats
  5 kobolds
  A rat (D:2)
38 creatures vanquished.

Notes
Turn   | Place    | Note
-------+----------+-------------------------------------------
     0 | D:1      | qw the Gargoyle Fighter began the quest for the Orb.
     0 | D:1      | Reached XP level 1. HP: 14/14 MP: 1/1
     0 | D:1      | 0 ||| qw: Version: 0.1-a-113-g051387a
     0 | D:1      | 0 ||| qw: Game counter: 7344
     0 | D:1      | 0 ||| qw: Always use a shield: true
     0 | D:1      | 0 ||| qw: God list: Okawaru
     0 | D:1      | 0 ||| qw: Allow faded altars: false
     0 | D:1      | 0 ||| qw: Do Orc after D:15 true
     0 | D:1      | 0 ||| qw: Do second Lair branch before Depths: true
     0 | D:1      | 0 ||| qw: Lair rune preference: random
     0 | D:1      | 0 ||| qw: Plans: Normal, Zot, God:TSO, Crypt, Tomb, Zig,
                  | Orb
     0 | D:1      | 0 ||| PLANNING D:1-11
   239 | D:1      | Reached XP level 2. HP: 13/19 MP: 2/2
   575 | D:1      | 575 ||| Stepping ~*~*~tactically~*~*~ (stealth).
   576 | D:1      | 576 ||| Stepping ~*~*~tactically~*~*~ (stealth).
   577 | D:1      | 577 ||| Stepping ~*~*~tactically~*~*~ (stealth).
   578 | D:1      | 578 ||| Stepping ~*~*~tactically~*~*~ (stealth).
   579 | D:1      | 579 ||| Stepping ~*~*~tactically~*~*~ (stealth).
   592 | D:1      | 592 ||| DROPPING +0 club.
   785 | D:1      | 785 ||| READING scroll labelled ELOGON VALUI.
   786 | D:1      | 786 ||| READING scroll labelled HIEJUR NONOSMA.
   790 | D:1      | 790 ||| READING scroll labelled FAOMOAB TANNICLU.
   834 | D:2      | Reached skill level 3 in Axes
   836 | D:2      | 836 ||| Stepping ~*~*~tactically~*~*~ (stealth).
   845 | D:2      | Reached XP level 3. HP: 22/23 MP: 3/3
   935 | D:2      | Identified the +4 tower shield of Boiling Hail {rElec}
  1336 | D:2      | 1336 ||| Stepping ~*~*~tactically~*~*~ (hiding).
  1455 | D:2      | 1455 ||| Stepping ~*~*~tactically~*~*~ (stealth).
  1870 | D:2      | 1870 ||| UPGRADING to +4 tower shield of Boiling Hail
                  | {rElec}.
  1880 | D:2      | 1880 ||| DROPPING +0 buckler.
  1881 | D:2      | 1881 ||| UPGRADING to +0 plate armour.
  1891 | D:2      | 1891 ||| DROPPING +0 scale mail.
  1892 | D:2      | 1892 ||| READING scroll labelled DAZ BAMEL HASO.
  1893 | D:2      | 1893 ||| READING scroll labelled TEEDIQU LOHOAMP.
  1894 | D:2      | 1894 ||| READING 3 scrolls of identify.
  1894 | D:2      | 1894 ||| IDENTIFYING smoky red potion
  1895 | D:2      | 1895 ||| READING 2 scrolls of identify.
  1895 | D:2      | 1895 ||| IDENTIFYING metallic golden potion
  1896 | D:2      | 1896 ||| DROPPING potion of brilliance.
  1940 | D:3      | 1940 ||| PLANNING SEWER
  1954 | D:3      | Reached XP level 4. HP: 26/28 MP: 4/4
  1959 | D:3      | HP: 2/28 [orc priest/divine providence (15)]
  1959 | D:3      | Killed from afar by an orc wizard

Levels and vault maps discovered:
D:1:      kennysheep_arrival_seaside, layout_rooms, minivault_24
D:2:      layout_basic, due_unseen_surprise
D:3:      layout_rooms, gup_sewer_entry_bowl, st_stairs_11,
          chequers_serial_rivers_large_a, minmay_surrounded, uniq_terence

Skill      XL: |  1  2 |
---------------+-------+-----
Axes           | 2 3 |  3.7
Fighting       | |  3.2
Armour         | |  3.2
Shields        | |  3.3

Action                   |  1- 3 |  4- 6 || total
-------------------------+-------+-------++-------
Melee: War axe           |   105 |     1 ||   106
  Use: Scroll            |     7 |       ||     7
Armor: Scale mail        |    58 |       ||    58
       Plate armour      |     5 |     1 ||     6
Dodge: Dodged            |    36 |       ||    36
Block: Buckler           |    13 |       ||    13
       Tower shield      |     6 |       ||     6

Table legend:
 A = Non-vault XP
 B = Vault XP
 C = Vault XP percentage of total XP
 D = Non-vault monster count
 E = Vault monster count
 F = Vault count percentage of total count
                 A         B        C        D         E       F
            +---------+---------+-------+---------+---------+-------
      Total |      83 |       0 |   0.0 |      38 |       0 |   0.0
            +---------+---------+-------+---------+---------+-------
        D:1 |      27 |       0 |   0.0 |      16 |       0 |   0.0
        D:2 |      52 |       0 |   0.0 |      20 |       0 |   0.0
        D:3 |       4 |       0 |   0.0 |       2 |       0 |   0.0
            +---------+---------+-------+---------+---------+-------
